 Dungeon Sprint DCSS version 0.20.1-1-g8b1a95d (webtiles) character file.

108 Mitsuki the Covered (level 4, 45/45 HPs)
             Began as a Minotaur Fighter on Sept 21, 2017.
             Was an Initiate of Okawaru.
             Quit the game in the Dungeon (Sprint IX: "|||||||||||||||||||||||||||||").
             The game lasted 00:01:25 (356 turns).

Mitsuki the Covered (Minotaur Fighter)               Turns: 356, Time: 00:01:26

Health: 45/45      AC:  7    Str: 21    XL:     4   Next: 58%
Magic:  3/3        EV:  8    Int:  5    God:    Okawaru [......]
Gold:   0          SH: 11    Dex: 16    Spells: 3/3 levels left

rFire    . . .     SeeInvis .   a - +0 long sword
rCold    . . .     Gourm    .   c - +0 shield
rNeg     . . .     Faith    .   b - +0 scale mail
rPois    .         Spirit   .   (helmet restricted)
rElec    .         Reflect  .   (no cloak)
rCorr    .         Harm     .   (no gloves)
MR       .....     NoTele   +   (no boots)
Stlth    ..........             (no amulet)
Regen    0.2/turn               p - +3 ring of dexterity
MPRegen  0.1/turn               q - +3 ring of dexterity

@: no status effects
A: retaliatory headbutt, horns 2
a: Renounce Religion


You were in the Dungeon.
You worshipped Okawaru.
Okawaru was noncommittal.
You were not hungry.

You visited 1 branch

Inventory:

Hand Weapons
 a - a +0 long sword (weapon)
Armour
 b - a +0 scale mail (worn)
 c - a +0 shield (worn)
 r - a +1 chain mail
 s - a +0 pair of gloves
Jewellery
 p - a +3 ring of dexterity (left hand)
 q - a +3 ring of dexterity (right hand)
Wands
 o - a wand of lightning (7/15)
Scrolls
 k - 2 scrolls of blinking
 m - 3 scrolls of remove curse
 n - 2 scrolls of amnesia
Potions
 d - a potion of might
 e - a potion of invisibility
 g - 3 potions of heal wounds
 h - a potion of haste
 i - 4 potions of magic
 j - a potion of berserk rage
 l - 4 potions of curing
Comestibles
 f - a bread ration


   Skills:
 + Level 6.5 Fighting
 + Level 6.0 Long Blades
 + Level 6.5 Armour
 + Level 6.5 Shields


You had 3 spell levels left.
You didn't know any spells.

Dungeon Overview and Level Annotations

Branches:
Dungeon (1/1)

Altars:
Cheibriados
Dithmenos
Elyvilon
Fedhas
Gozag
Hepliaklqana
Kikubaaqudgha
Makhleb
Nemelex Xobeh
Okawaru
Qazlal
Ru
Sif Muna
Trog
Uskayaw
Vehumet
Xom
Yredelemnul
Zin
The Shining One
Beogh
Jiyva
Lugonu


Innate Abilities, Weirdness & Mutations

You reflexively headbutt those who attack you in melee.
You have a pair of horns on your head.


Message History

Items here: ))))))
You see here a +0 helmet.
You see here a +0 pair of gloves.
You see here a +1 chain mail.
p - a +3 ring of dexterity
q - a +3 ring of dexterity Put on which piece of jewellery? (? for menu, Esc to quit)
You feel agile.
p - a +3 ring of dexterity (left hand) Put on which piece of jewellery? (? for menu, Esc to quit)
You feel agile.
q - a +3 ring of dexterity (right hand)
You see here a +1 chain mail.
r - a +1 chain mail You see here a +0 pair of gloves.
s - a +0 pair of gloves You see here a +0 helmet.
Items here: ))))))
Okay, then.
Are you sure you want to abandon this character and quit the game? (Confirm with "yes".) ▓▓▓▓▓▓▓▓▓▓▓▓▓▓▓▓▓▓▓▓▓▓▓ +....[@|..'____._______ ▓▓▓▓▓▓▓▓▓▓▓▓▓▓▓▓▓▓▓▓▓▓▓

There were no monsters in sight!

Vanquished Creatures
  A scorpion (D)
  2 worker ants (D)
  A dart slug (D)
  A leopard gecko (D)
  An orc (D)
  A giant cockroach (D)
  A hobgoblin (D)
  2 rats (D)
10 creatures vanquished.

Notes
Turn   | Place    | Note
-------+----------+-------------------------------------------
     0 | D        | Mitsuki the Minotaur Fighter began the quest for the Orb.
     0 | D        | Reached XP level 1. HP: 19/19 MP: 0/0
    51 | D        | Noticed a worker ant
    51 | D        | Noticed a worker ant
    51 | D        | Noticed a scorpion
    58 | D        | Killed a scorpion
    58 | D        | Reached skill level 5 in Fighting
    58 | D        | Reached skill level 5 in Long Blades
    58 | D        | Reached skill level 5 in Armour
    58 | D        | Reached skill level 5 in Shields
    58 | D        | Reached XP level 2. HP: 21/29 MP: 1/1
    58 | D        | Reached XP level 3. HP: 26/36 MP: 2/2
    76 | D        | Reached XP level 4. HP: 18/44 MP: 3/3
   304 | D        | Found a roughly hewn altar of Beogh.
   304 | D        | Found a snail-covered altar of Cheibriados.
   304 | D        | Found a shadowy altar of Dithmenos.
   304 | D        | Found a white marble altar of Elyvilon.
   304 | D        | Found a blossoming altar of Fedhas.
   304 | D        | Found an opulent altar of Gozag.
   305 | D        | Found a hazy altar of Hepliaklqana.
   306 | D        | Found a viscous altar of Jiyva.
   307 | D        | Found an ancient bone altar of Kikubaaqudgha.
   308 | D        | Found a corrupted altar of Lugonu.
   309 | D        | Found a burning altar of Makhleb.
   310 | D        | Found a sparkling altar of Nemelex Xobeh.
   311 | D        | Found an iron altar of Okawaru.
   312 | D        | Found a stormy altar of Qazlal.
   313 | D        | Found a sacrificial altar of Ru.
   314 | D        | Found a deep blue altar of Sif Muna.
   315 | D        | Found a bloodstained altar of Trog.
   316 | D        | Found a hide-covered altar of Uskayaw.
   317 | D        | Found a radiant altar of Vehumet.
   319 | D        | Became a worshipper of Warmaster Okawaru
   320 | D        | Found a shimmering altar of Xom.
   321 | D        | Found a basalt altar of Yredelemnul.
   322 | D        | Found a glowing silver altar of Zin.
   323 | D        | Found a glowing golden altar of the Shining One.
   356 | D        | Quit the game

Skill      XL: |  1  2  3  4 |
---------------+-------------+-----
Shields        | 5 6 |  6.5
Fighting       | 5 6 |  6.5
Long Blades    | 5 6 |  6.0
Armour         | 5 6 |  6.5

Action                   |  1- 3 |  4- 6 || total
-------------------------+-------+-------++-------
Melee: Long sword        |    32 |     8 ||    40
       Headbutt          |     6 |       ||     6
  Use: Potion            |     1 |       ||     1
Armor: Scale mail        |     9 |     2 ||    11
Dodge: Dodged            |     5 |     3 ||     8
Block: Shield            |    14 |     4 ||    18
       Rpst.: Long sword |     3 |       ||     3
